 Dungeon Crawl Stone Soup version 0.30.1-11-g7821555f0a (webtiles) character file.

Game seed: 2314823238681288702

7249 Okkudo the Severer (level 11, -3/92 (101) HPs)
             Began as a Hill Orc Monk on Dec 6, 2023.
             Was a High Priest of Beogh.
             Slain by a wight
             ... wielding a +4 war axe
              (7 damage)
             ... on level 10 of the Dungeon.
             The game lasted 00:46:58 (9583 turns).

Okkudo the Severer (Hill Orc Monk)                  Turns: 9583, Time: 00:46:59

HP:   -3/92 (101)   AC: 12    Str: 19    XL:     11   Next: 12%
MP:   0/16          EV: 13    Int: 10    God:    Beogh [*****.]
Gold: 437           SH:  4    Dex: 13    Spells: 10/10 levels left

rFire   . . .        y - +0 war axe
rCold   . . .        E - +0 buckler
rNeg    . . .        h - +0 chain mail
rPois   +            (no helmet)
rElec   .            (no cloak)
rCorr   .            d - +1 pair of gloves
SInv    .            (no boots)
Will    .....        j - amulet of guardian spirit Stlth
                     L - ring of poison resistance
HPRegen 0.35/turn    o - +5 ring of evasion
MPRegen 0.15/turn

%: guardian spirit
@: drained
A: walk on water
a: Renounce Religion, Smiting, Recall Orcish Followers, Give Item to Named
Follower


You were on level 10 of the Dungeon.
You worshipped Beogh.
Beogh was extremely pleased with you.
You visited 1 branch of the dungeon, and saw 10 of its levels.

You collected 437 gold pieces.

Inventory:

Hand Weapons
 y - a +0 war axe (weapon)
 B - a +1 scythe of venom
Missiles
 u - 24 poisoned darts (quivered)
Armour
 a - +0 acid dragon scales
 d - a +1 pair of gloves (worn)
 h - a +0 chain mail (worn)
 E - a +0 buckler (worn)
Jewellery
 j - an amulet of guardian spirit (around neck)
 n - a ring of protection from cold
 o - a +5 ring of evasion (right hand)
 F - a ring of see invisible
 G - a ring of ice
 L - a ring of poison resistance (left hand)
Wands
 q - a wand of iceblast (15)
 t - a wand of flame (35)
 N - a wand of mindburst (9)
Scrolls
 b - a scroll of teleportation
 e - 3 scrolls of poison
 g - 3 scrolls of enchant armour
 m - 2 scrolls of noise
 p - 2 scrolls of fear
 r - 2 scrolls of blinking
 x - a scroll of enchant weapon {unknown}
 D - a scroll of butterflies {unknown}
 H - 2 scrolls of vulnerability
 J - a scroll of amnesia {unknown}
 M - a scroll of brand weapon {unknown}
Potions
 c - 2 potions of heal wounds
 f - 2 potions of resistance {unknown}
 i - 2 potions of berserk rage {unknown}
 k - 3 potions of attraction
 l - 3 potions of brilliance
 s - 6 potions of curing
 v - a potion of flight {unknown}
 w - a potion of mutation {unknown}
 z - a potion of degeneration {unknown}
 A - a potion of lignification {unknown}
 C - 2 potions of might {unknown}
 K - 2 potions of magic {unknown}


   Skills:
 + Level 10.6 Fighting
 * Level 15.5 Axes
 + Level 6.2 Armour
 - Level 2.4 Dodging
 + Level 1.9 Shields
 + Level 7.6 Invocations


You had 10 spell levels left.
You didn't know any spells.
Your spell library contained the following spells:

 Spells                   Type           Power      Damage    Failure   Level
 Apportation              Tloc           0%         N/A       98%         1
 Necrotise                Necr           0%         1d4       98%         1
 Sandblast                Erth           0%         2d4       98%         1
 Summon Small Mammal      Summ           0%         N/A       98%         1
 Passwall                 Tmut/Erth      0%         N/A       99%         2
 Scorch                   Fire           0%         2d5       99%         2
 Stone Arrow              Conj/Erth      0%         3d7       100%        3
 Vampiric Draining        Necr           0%         2d6       100%        3
 Flame Wave               Conj/Fire      0%         2d4       100%        4
 Agony                    Necr           0%         N/A       100%        5
 Alistair's Intoxication  Tmut/Pois      0%         N/A       100%        5
 Summon Cactus Giant      Summ           0%         N/A       100%        6


Dungeon Overview and Level Annotations

Branches:
Dungeon (10/15)            Temple (0/1) D:5            Lair (0/5) D:9
    Orc: D:9-12

Altars:
Cheibriados

Shops:
D:4 !   D:6 *

Annotations:
D:4 1 exclusion
D:6 2 transporters
D:10 Josephine, Lodul


Message History

The ghostly flame explodes!
The ghostly fireball engulfs you.
You feel drained.
* * * LOW HITPOINT WARNING * * *
The ghostly fireball engulfs your orc warrior!!!
Your orc warrior is drained!
You swap places.
Josephine hits you with a +0 dagger.
* * * LOW HITPOINT WARNING * * *
Your orc warrior no longer looks unusually strong.
Your orc warrior hits Josephine with a +0 dagger.
Josephine points at you and mumbles some strange words.
The ghostly flame explodes!
The ghostly fireball engulfs you!!
You feel drained.
* * * LOW HITPOINT WARNING * * *
The ghostly fireball engulfs Josephine.
Josephine completely resists.
You hear a bellow!
Your orc warrior barely misses Josephine.
A yak comes into view.
Josephine hits you but does no damage. The wraith hits you.
Your orc priest barely misses Josephine.
Your orc warrior hits Josephine from afar with a +0 trident!
Your orc warrior hits Josephine with a +0 dagger!
A yak comes into view.
A wight comes into view.
It is wielding a +3 battleaxe of freezing.
Josephine hits you with a +0 dagger.
* * * LOW HITPOINT WARNING * * *
You slash the wraith!
The wraith is almost destroyed.
You closely miss Josephine.
Your orc priest hits Josephine with a +0 whip.
Your orc warrior hits Josephine from afar with a +0 trident!
Your orc warrior hits Josephine with a +0 dagger!
You completely miss Josephine.
Josephine is almost dead.
You hit the wraith.
You destroy the wraith!
Beogh accepts your kill. Josephine hits you with a +0 dagger.
* * * LOW HITPOINT WARNING * * *
Josephine attacks as you move away! Josephine barely misses you.
The wight attacks as you move away! The wight hits you with a +4 war axe!
You die...

#..##..)..#....
#.###.....#..##
##.##......YY...
#@.##........##.
#W###......z....
#.# ##o....#.###
#####.# ##.o...#.#
#.....# #o@.z....#
#.....# #..@..!..#
#.....###.......##
#......o.......##
#.....#####...##
#.....# #####
#.....# #.....#
#.....# #######


You could see Josephine (ally target), 2 yaks, 2 wights, the friendly Harm the
orc knight, 2 friendly orc warriors and a friendly orc priest.

Vanquished Creatures
  A komodo dragon (D:9)
  6 yaks (D:9)
  2 wraiths (D:10)
  Menkaure (D:6)
  An acid dragon (D:9)
  Duvessa (D:6)
  An orc warrior (D:7)
  2 ice beasts
  A black bear (D:6)
  2 ogres (D:10)
  3 centaurs
  A kobold brigand (D:4)
  3 wights (D:8)
  An electric eel (D:7)
  2 howler monkeys (D:7)
  Crazy Yiuf (D:5)
  3 jellies
  A sleepcap (D:8)
  2 iguanas (D:5)
  3 orc wizards
  4 adders
  10 gnolls
  A shadow imp (D:8)
  An ufetubus (D:4)
  5 worms
  5 dart slugs
  11 orcs
  5 endoplasms
  2 giant cockroaches
  9 goblins
  7 hobgoblins
  4 jackals (D:1)
  7 quokkas
  6 ball pythons
  3 bats
  5 frilled lizards
  32 kobolds
  6 rats
161 creatures vanquished.

Vanquished Creatures (collateral kills)
  A two-headed ogre (D:8)
  The ghost of monsoonserge the Magician, a novice DjVM of Ashenzari (D:8)
  Pikel (D:5)
  Maurice (D:10)
  The ghost of turdburglar the Chiller, a novice DsIE of Hepliaklqana (D:4)
  A troll (D:8)
  Sigmund (D:6)
  A vampire (D:10)
  3 yaks (D:9)
  2 shadows (D:8)
  4 wraiths
  2 steam dragons
  3 ice beasts
  2 sky beasts
  3 black bears
  5 ogres
  An orc warrior (D:9)
  A centaur (D:9)
  Dowan (D:6)
  A wight (D:8)
  4 killer bees (D:9)
  2 electric eels (D:7)
  A howler monkey (D:9)
  2 hounds (D:7)
  3 orc priests
  A jelly (D:6)
  A gnoll bouda (D:7)
  An iguana (D:5)
  Ijyb (D:5)
  A sleepcap (D:6)
  3 orc wizards
  3 gnolls (D:7)
  A white imp (D:7)
  An ufetubus (D:7)
  A dart slug (D:5)
  16 orcs
  3 jackals (D:5)
  A quokka (D:5)
82 creatures vanquished.

Vanquished Creatures (others)
  5 orc priests
  2 orc wizards
  17 orcs
  A goblin (D:4)
  2 hobgoblins (D:4)
  13 kobolds (D:4)
  3 quokkas (D:4)
  A ball python (D:4)
44 creatures vanquished.

Grand Total: 287 creatures vanquished

Notes
Turn   | Place    | Note
-------+----------+-------------------------------------------
     0 | D:1      | Okkudo the Hill Orc Monk began the quest for the Orb.
     0 | D:1      | Reached XP level 1. HP: 19/19 MP: 1/1
    42 | D:1      | You fall into a shaft and drop 1 floor!
   188 | D:1      | Reached XP level 2. HP: 26/27 MP: 2/2
   286 | D:1      | Reached skill level 5 in Axes
   372 | D:1      | Reached XP level 3. HP: 31/33 MP: 3/3
   923 | D:2      | Reached XP level 4. HP: 41/41 MP: 4/4
  1548 | D:3      | Reached skill level 6 in Axes
  1754 | D:3      | Reached XP level 5. HP: 23/47 MP: 5/5
  1885 | D:3      | Reached skill level 5 in Fighting
  2102 | D:3      | Reached skill level 7 in Axes
  2213 | D:4      | Found Cagh's Distillery.
  2233 | D:4      | Became a worshipper of Beogh the Brigand
  2233 | D:4      | Reached * piety under Beogh
  2233 | D:4      | Reached ** piety under Beogh
  2355 | D:4      | Reached XP level 6. HP: 52/56 MP: 6/6
  2551 | D:4      | Noticed turdburglar's ghost (novice DsIE)
  2554 | D:4      | Found a runed translucent door.
  2647 | D:4      | Reached skill level 8 in Axes
  3064 | D:4      | Reached *** piety under Beogh
  3478 | D:4      | Killed turdburglar's ghost
  3479 | D:4      | Reached skill level 9 in Axes
  3479 | D:4      | Reached XP level 7. HP: 37/64 MP: 7/7
  3639 | D:5      | Entered Level 5 of the Dungeon
  3639 | D:5      | Noticed Ijyb
  3644 | D:5      | Killed Ijyb
  3674 | D:5      | Noticed Pikel
  3698 | D:5      | Killed Pikel
  3699 | D:5      | Reached skill level 10 in Axes
  3699 | D:5      | Reached XP level 8. HP: 20/73 MP: 8/8
  4011 | D:5      | Found a snail-covered altar of Cheibriados.
  4044 | D:5      | Identified the +4 scale mail "Kakluete" {Rampage Fly Int-2
                  | Dex+3}
  4251 | D:5      | Found a runed translucent door.
  4252 | D:5      | Noticed Crazy Yiuf
  4257 | D:5      | Killed Crazy Yiuf
  4348 | D:5      | Found a staircase to the Ecumenical Temple.
  4503 | D:6      | Noticed Duvessa
  4503 | D:6      | Noticed Dowan
  4507 | D:6      | Killed Duvessa
  4508 | D:6      | Reached skill level 11 in Axes
  4508 | D:6      | Noticed Sigmund
  4510 | D:6      | Killed Dowan
  4514 | D:6      | Killed Sigmund
  4570 | D:6      | Reached skill level 1 in Invocations
  4571 | D:6      | Reached skill level 1 in Armour
  4630 | D:6      | Found a transporter.
  4635 | D:6      | Noticed a kobold demonologist
  4644 | D:6      | Found a transporter.
  4651 | D:6      | Noticed an orc high priest
  4651 | D:6      | Noticed Menkaure
  4659 | D:6      | Killed Menkaure
  4660 | D:6      | Reached skill level 12 in Axes
  4664 | D:6      | Reached XP level 9. HP: 38/81 MP: 10/10
  4891 | D:6      | Reached **** piety under Beogh
  5446 | D:6      | Found Keaskepo's Neck Hole.
  6144 | D:7      | Reached skill level 13 in Axes
  6153 | D:7      | HP: 1/82 [electric eel/bolt of electricity (12)]
  6873 | D:8      | Found a runed translucent gate.
  6873 | D:8      | Found a runed translucent gate.
  6907 | D:8      | Noticed a two-headed ogre
  6912 | D:8      | Killed a two-headed ogre
  6913 | D:8      | Reached skill level 5 in Invocations
  7151 | D:8      | Reached XP level 10. HP: 91/91 MP: 13/13
  7445 | D:8      | Found a runed translucent gate.
  7478 | D:8      | Noticed monsoonserge's ghost (novice DjVM)
  7500 | D:8      | Reached skill level 14 in Axes
  7509 | D:8      | Killed monsoonserge's ghost
  8021 | D:9      | Reached skill level 5 in Armour
  8311 | D:9      | Found a staircase to the Lair.
  8375 | D:9      | Reached skill level 10 in Fighting
  8585 | D:9      | Reached ***** piety under Beogh
  8596 | D:9      | Gained Harm as an ally
  8916 | D:9      | Reached skill level 15 in Axes
  9352 | D:10     | Entered Level 10 of the Dungeon
  9495 | D:10     | Reached skill level 1 in Shields
  9509 | D:10     | Noticed Lodul
  9516 | D:10     | Reached XP level 11. HP: 66/101 MP: 12/16
  9523 | D:10     | Noticed Josephine
  9540 | D:10     | Noticed Maurice
  9555 | D:10     | Killed Maurice
  9582 | D:10     | HP: 4/92 [Josephine/+0 dagger (4)]
  9583 | D:10     | Slain by a wight

Illustrated notes

Levels and vault maps discovered:
D:1:      spicycebolla_green_bress_n_ham, layout_basic
D:2:      layout_basic, minmay_unequal
D:3:      layout_rooms
D:4:      minmay_goblin_kobold_castle, layout_gridville,
          hellmonk_ghost_happy_afterlife, serial_shops, shop, feat_on_display
D:5:      layout_rooms, kennysheep_slug_shrine, minmay_temple_entry_water_ring,
          nrook_loot_triangle, uniq_pikel, uniq_ijyb, uniq_crazy_yiuf_cottage
D:6:      gammafunk_wand_slinger, layout_layer_cave,
          nicolae_shop_sticking_my_neck_out, uniq_menkaure, uniq_sigmund,
          uniq_duvessa
D:7:      layout_cave_pools, kennysheep_potato
D:8:      layout_rooms, gammafunk_ghost_spectres, minmay_misc_feat_doors
D:9:      layout_long_grid, david_lair_shrubbed, roderic_roman_lattice
D:10:     layout_rooms, uniq_lodul, uniq_joseph, uniq_josephine, uniq_maurice

Skill      XL: |  1  2  3  4  5  6  7  8  9 10 |
---------------+-------------------------------+-----
Fighting       | 4 5 6 7 8 9 10 | 10.6
Axes           | 5 6 7 9 10 12 13 15 | 15.5
Invocations    | 2 5 7 |  7.6
Armour         | 1 4 6 |  6.2
Shields        | 1 |  1.9
Dodging        | |  2.4

Action                     |  1- 3 |  4- 6 |  7- 9 | 10-12 || total
---------------------------+-------+-------+-------+-------++-------
  Melee: Hand axe          |    95 |   269 |    34 |       ||   398
         War axe           |       |       |    61 |    32 ||    93
         Battleaxe         |       |       |    12 |    63 ||    75
  Throw: Dart              |       |       |     5 |       ||     5
 Invoke: Convert to Beogh  |       |     1 |       |       ||     1
         Recall Orcish Fol |       |       |       |     3 ||     3
         Give Item to Name |       |       |       |     1 ||     1
  Evoke: Wand              |       |       |       |     2 ||     2
    Use: Potion            |       |     1 |     1 |     3 ||     5
         Scroll            |       |     7 |     1 |     5 ||    13
   Stab: Distracted        |       |       |     6 |       ||     6
 Armour: Scale mail        |    20 |       |       |       ||    20
         Chain mail        |    20 |   102 |    38 |    49 ||   209
  Dodge: Dodged            |    41 |   160 |    75 |    75 ||   351
  Block: Buckler           |       |       |       |     4 ||     4
